AoeStats
← Bananaman651

Nomad

510002396Analyzed
4v4 RM · 4d ago on Sep 29, 2026· 57m 5s· 8 players
Game mode
Random Map
Map size
231×231
Population
200
Speed
Normal
Resources
Standard
Victory
Conquest
Starting age
Dark Age
Ending age
Imperial Age
RankedLock teamsTeams togetherTeam positionsShared explorationLock speedFull tech treeHidden civsTurbo modeCheats
Victory
Defeat
🇧🇷 Saxons · Brazil
1484
+14
🇦🇷 Malay · Argentina
1465
+14
🇦🇷 Berbers · Argentina
1423
+16
🇦🇷 Vikings · Argentina
1341
+19
🇨🇿 Koreans · Czechia
1496
-18
🇺🇸 Japanese · United States
1427
-16
🇹🇼 Italians · Taiwan
1406
-15
🇧🇩 Vietnamese · Bangladesh
1369
-14
SeiyaPegasus
12:01 Loom
14:14 Feudal Age
18:32 Castle Age
16:24 Double-Bit Axe
16:48 Gold Mining
16:54 Fishing Lines
17:21 Fletching
19:09 Bodkin Arrow
19:34 Bow Saw
21:23 Wheelbarrow
20:34 Town Watch
33:29 Imperial Age
31:17 Stone Mining
31:43 Clerical Recruitment
33:07 Sanctity
34:04 Gold Shaft Mining
34:30 Block Printing
37:15 Bracer
37:57 Redemption
39:10 Illumination
39:12 Scale Mail Armor
39:39 Squires
42:26 Chain Mail Armor
42:22 Arson
44:03 Chemistry
43:24 Ballistics
43:38 Gillnets
44:06 Pikeman
46:04 Hand Cart
46:29 Shield Wall
47:30 Conscription
48:04 Halberdier
49:34 Plate Mail Armor
49:15 Forging
51:11 Guilds
52:44 Guard Tower
53:01 Siege Engineers
54:30 Iron Casting
54:06 Gambesons
54:44 Elite Varangian Guard
JUNCAL
4:42 Loom
14:08 Feudal Age
15:15 Double-Bit Axe
17:46 Castle Age
16:32 Gold Mining
17:43 Fletching
18:21 Horse Collar
18:55 Bow Saw
19:43 Bodkin Arrow
24:23 Fishing Lines
26:38 Gillnets
28:29 Stone Mining
29:14 Gold Shaft Mining
32:38 Imperial Age
30:19 Squires
30:20 Scale Mail Armor
30:42 Forging
30:18 Man-at-Arms
31:14 Heavy Plow
31:47 Chain Mail Armor
31:43 Long Swordsman
32:58 Iron Casting
32:20 Town Watch
32:49 Two-Handed Swordsman
34:04 Plate Mail Armor
34:08 Arson
35:14 Conscription
34:23 Champion
37:38 Chemistry
40:51 Bracer
41:13 Ballistics
41:04 Masonry
42:42 Blast Furnace
41:42 Elite Skirmisher
42:05 Treadmill Crane
42:31 Siege Engineers
42:53 Padded Archer Armor
46:38 Leather Archer Armor
47:31 Pikeman
54:47 Ring Archer Armor
Erebor.
8:23 Loom
11:09 Feudal Age
12:43 Double-Bit Axe
17:06 Horse Collar
22:07 Castle Age
20:32 Town Watch
20:40 Stone Mining
20:41 Gold Mining
22:14 Medium Warships
28:46 Wheelbarrow
30:06 Heavy Plow
30:19 Bow Saw
33:14 Imperial Age
30:40 Pikeman
31:20 Squires
32:01 Forging
31:43 Arson
32:18 Capped Ram
32:30 Halberdier
33:25 Fletching
33:19 Crossbowman
34:23 Ballistics
34:44 Arbalester
35:30 Thumb Ring
36:16 Bodkin Arrow
37:23 Chemistry
38:05 Bracer
38:59 Conscription
41:00 Elite Karambit Warrior
42:48 Padded Archer Armor
43:24 Iron Casting
45:15 Elite Skirmisher
46:29 Scale Barding Armor
47:25 Blast Furnace
46:40 Leather Archer Armor
47:49 Husbandry
47:10 Light Cavalry
51:56 Masonry
Nachom
3:21 Loom
13:58 Feudal Age
18:02 Castle Age
16:24 Double-Bit Axe
17:14 Gold Mining
17:17 Stone Mining
20:45 Medium Warships
23:43 Bow Saw
26:26 Town Watch
27:15 Fletching
34:21 Padded Archer Armor
37:17 Wheelbarrow
38:28 Fishing Lines
42:04 Wheelbarrow
46:46 Hand Cart
46:40 Horse Collar
51:31 Imperial Age
49:06 Bodkin Arrow
49:36 Kasbah
51:10 Leather Archer Armor
52:12 Gold Shaft Mining
52:14 Stone Shaft Mining
51:55 Heavy Plow
52:17 Scale Barding Armor
52:30 Bracer
52:53 Ballistics
53:34 Chemistry
52:59 Conscription
52:12 Elite Camel Archer
52:53 Maghrebi Camels
53:52 Thumb Ring
53:59 Bloodlines
53:50 Husbandry
54:37 Crop Rotation
55:38 Ring Archer Armor
54:45 Light Cavalry
56:07 Forging
Bananaman651
5:15 Loom
15:20 Feudal Age
16:38 Double-Bit Axe
20:23 Castle Age
19:00 Stone Mining
19:31 Fletching
19:59 Town Watch
23:13 Bow Saw
27:55 Wheelbarrow
27:18 Horse Collar
33:28 Imperial Age
31:39 Bodkin Arrow
32:47 Ballistics
33:19 Hand Cart
33:56 Scale Mail Armor
34:48 Squires
35:05 Chain Mail Armor
37:14 Chemistry
36:31 Pikeman
39:33 Forging
40:32 Masonry
43:15 Architecture
43:16 Elite Fire Lancer
47:10 Man-at-Arms
LuLALa
3:32 Loom
15:23 Feudal Age
16:30 Double-Bit Axe
19:42 Castle Age
21:40 Bow Saw
21:36 Horse Collar
21:39 Fishing Lines
22:01 Fletching
22:11 Padded Archer Armor
22:47 Bodkin Arrow
26:10 Leather Archer Armor
28:22 Heavy Plow
28:33 Town Watch
35:13 Imperial Age
33:36 Scale Barding Armor
34:15 Ballistics
33:36 Treadmill Crane
34:09 Forging
35:26 Chain Barding Armor
36:59 Chemistry
36:25 Fortified Wall
37:09 Light Cavalry
38:00 Bloodlines
37:50 Husbandry
38:33 Murder Holes
38:48 Masonry
38:32 Elite Skirmisher
39:52 Conscription
40:33 Ring Archer Armor
40:04 Bracer
40:40 Plate Barding Armor
40:00 Imperial Skirmisher
43:12 Two-Man Saw
42:44 Crop Rotation
42:49 Iron Casting
43:40 Elite Genoese Crossbowman
46:23 Husbandry
47:54 Iron Casting
47:39 Hussar
50:25 Blast Furnace
50:51 Scale Mail Armor
54:12 Chain Mail Armor
55:57 Hoardings
Gunslinger
6:25 Loom
15:59 Feudal Age
16:32 Double-Bit Axe
17:27 Fletching
17:38 Padded Archer Armor
17:50 Gold Mining
22:33 Castle Age
25:19 Wheelbarrow
24:30 Horse Collar
24:44 Stone Mining
26:10 Heavy Plow
27:22 Hand Cart
30:29 Bodkin Arrow
32:44 Stone Shaft Mining
36:41 Imperial Age
34:13 Crossbowman
37:16 Arbalester
40:52 Chemistry
machpatel
4:25 Loom
16:23 Feudal Age
20:10 Castle Age
18:54 Double-Bit Axe
18:50 Horse Collar
18:54 Fishing Lines
19:47 Town Watch
30:50 Scale Mail Armor
31:35 Horse Collar
34:11 Heavy Plow
45:19 Bow Saw
46:34 Wheelbarrow
47:34 Hand Cart
50:35 Imperial Age
50:32 Pikeman
51:13 Squires
50:34 Man-at-Arms
51:00 Gambesons
51:36 Yasama
51:57 Conscription
51:47 Capped Ram
53:04 Guard Tower
53:00 Arrowslits
53:45 Ballistics
55:44 Chemistry
54:48 Halberdier
Connection lost

Rejoining the realm…

Still unreachable

The connection could not be restored.

Session expired

The server has moved on; the page needs a fresh start.